 Dungeon Sprint DCSS version 0.27-a0-1332-g84bddb5ca7 (webtiles) character file.

Game seed: 4357339551248025269

1517 mhtbhm the Eclecticist (level 8, -9/45 HPs)
             Began as a Deep Elf Earth Elementalist on June 25, 2021.
             Was a Believer of Vehumet.
             Mangled by a death knight (20 damage)
             ... in the Dungeon (Sprint IX: "|||||||||||||||||||||||||||||").
             The game lasted 00:02:14 (818 turns).

mhtbhm the Eclecticist (Deep Elf Earth Elementalist) Turns: 818, Time: 00:02:15

Health: -9/45      AC:  5    Str:  5    XL:     8   Next: 54%
Magic:  8/29       EV: 14    Int: 26    God:    Vehumet [**....]
Gold:   0          SH:  0    Dex: 15    Spells: 22/37 levels left

rFire    . . .     SeeInvis .   a - +2 rapier of the Inferno {venom, Stlth+}
rCold    . . .     Faith    .   (no shield)
rNeg     . . .     Spirit   .   b - +0 robe
rPois    .         Reflect  .   (no helmet)
rElec    .         Harm     .   l - +0 cloak
rCorr    .         Rampage  .   (no gloves)
Will     .....     NoTele   +   (no boots)
Stlth    ++++......             (no amulet)
HPRegen  0.15/turn              n - +2 ring of protection
MPRegen  0.21/turn              o - +3 ring of intelligence

@: no status effects
A: no striking features
a: Renounce Religion


You were in the Dungeon.
You worshipped Vehumet.
Vehumet was pleased with you.
You visited 1 branch

Inventory:

Hand Weapons
 a - the +2 rapier of the Inferno (weapon) {venom, Stlth+}
   (You found it in the Dungeon)

   It poisons the flesh of those it strikes.
   It makes you more stealthy.
Missiles
 i - 2 stones
Armour
 b - a +0 robe (worn)
 l - a +0 cloak (worn)
Jewellery
 n - a +2 ring of protection (left hand)
 o - a +3 ring of intelligence (right hand)
Wands
 k - a wand of iceblast (8)
Scrolls
 h - a scroll of blinking
 j - 2 scrolls of amnesia
Potions
 c - 5 potions of curing
 e - a potion of haste
 f - 4 potions of magic
 g - a potion of berserk rage
 m - a potion of invisibility


   Skills:
 + Level 2.3 Fighting
 + Level 4.4 Dodging
 + Level 5.1 Stealth
 + Level 15.3 Spellcasting
 + Level 0.5 Conjurations
 + Level 3.8 Transmutations
 + Level 14.0 Earth Magic
 + Level 1.5 Evocations


You had 22 spell levels left.
You knew the following spells:

 Your Spells              Type           Power      Damage    Failure   Level
a - Sandblast             Erth           100%       2d20      0%          1
b - Passwall              Tmut/Erth      50%        N/A       1%          2
c - Stone Arrow           Conj/Erth      100%       3d13      1%          3
d - Lee's Rapid Deconstr  Erth           37%        3d20*     1%          5
e - Petrify               Tmut/Erth      60%        N/A       1%          4

Your spell library contained the following spells:

 Spells                   Type           Power      Damage    Failure   Level
 Foxfire                  Conj/Fire      84%        2x1d8     2%          1


Dungeon Overview and Level Annotations

Branches:
Dungeon (1/1)

Altars:
Cheibriados
Dithmenos
Elyvilon
Fedhas
Gozag
Hepliaklqana
Kikubaaqudgha
Makhleb
Nemelex Xobeh
Okawaru
Qazlal
Ru
Sif Muna
Trog
Uskayaw
Vehumet
Wu Jian
Xom
Yredelemnul
Zin
The Shining One
Beogh
Jiyva
Lugonu


Message History

Vehumet offers you knowledge of Foxfire.
You feel your power returning.
Your Fighting skill increases to level 2!
Your Spellcasting skill gained 2 levels and is now at level 15!
Your Earth Magic skill gained 2 levels and is now at level 14!
Your Evocations skill increases to level 1!
You have reached level 8!
You feel clever.
Unknown command.
You feel much better.
The death knight hits you with a +1 broad axe!!
Ouch! That really hurt!
Unknown command.
Casting: Lee's Rapid Deconstruction (dangerous; 1% risk of failure)
Confirm with . or Enter, or press ? or * to list all spells.
Okay, then.
Okay, then.
The death knight's dark mirror aura disappears.
Things that are here:
a +0 shortbow; 29 arrows
Casting: Lee's Rapid Deconstruction (dangerous; 1% risk of failure)
Confirm with . or Enter, or press ? or * to list all spells.
Aiming: Sandblast (safe; 0% risk of failure)
Press: ? - help, Shift-Dir - straight line, f/p - death knight
Aim: a death knight, wielding a +1 broad axe and wearing a +0 chain mail (almost dead, 84% to hit)
The blast of sand hits the death knight but does no damage.
The death knight is almost dead.
The death knight calls down the wrath of Yredelemnul upon you.
Your body is wracked with pain!
* * * LOW HITPOINT WARNING * * *
Unknown command.
Casting: Sandblast (safe; 0% risk of failure)
Confirm with . or Enter, or press ? or * to list all spells.
Aiming: Sandblast (safe; 0% risk of failure)
Press: ? - help, Shift-Dir - straight line, f/p - death knight
Aim: a death knight, wielding a +1 broad axe and wearing a +0 chain mail (almost dead, 84% to hit)
The blast of sand hits the death knight.
The death knight is almost dead.
The death knight hits you with a +1 broad axe!!
You die...

▓.▓
▓.▓
▓'▓
▓u▓
▓Q▓
▓y▓
▓.▓
▓p▓
▓@▓
▓'▓
▓.▓
▓.▓
▓[▓
▓[▓
▓.▓
▓.▓
▓)▓


You could see a death knight, a purple ugly thing, a tengu warrior and a vampire
mosquito.

Vanquished Creatures
  A centaur warrior (D)
  A two-headed ogre (D)
  An orc warrior (D)
  A centaur (D)
  A gnoll shaman (D)
  A gnoll (D)
  2 adders (D)
  A white imp (D)
  An adder zombie (D)
  A ball python (D)
  A giant cockroach (D)
  A goblin (D)
  A hobgoblin (D)
  A frilled lizard (D)
  A quokka skeleton (D)
  A quokka zombie (D)
17 creatures vanquished.

Notes
Turn   | Place    | Note
-------+----------+-------------------------------------------
     0 | D        | mhtbhm the Deep Elf Earth Elementalist began the quest for
                  | the Orb.
     0 | D        | Reached XP level 1. HP: 10/10 MP: 6/6
   171 | D        | Reached skill level 4 in Spellcasting
   171 | D        | Reached skill level 5 in Earth Magic
   171 | D        | Reached XP level 2. HP: 15/15 MP: 5/9
   173 | D        | Reached XP level 3. HP: 19/19 MP: 3/11
   174 | D        | Reached skill level 5 in Spellcasting
   247 | D        | Learned a level 2 spell: Passwall
   251 | D        | Learned a level 3 spell: Stone Arrow
   259 | D        | Found a snail-covered altar of Cheibriados.
   259 | D        | Found a shadowy altar of Dithmenos.
   259 | D        | Found a white marble altar of Elyvilon.
   259 | D        | Found a blossoming altar of Fedhas.
   259 | D        | Found an opulent altar of Gozag.
   260 | D        | Found a hazy altar of Hepliaklqana.
   261 | D        | Found a viscous altar of Jiyva.
   262 | D        | Found an ancient bone altar of Kikubaaqudgha.
   263 | D        | Found a corrupted altar of Lugonu.
   264 | D        | Found a burning altar of Makhleb.
   265 | D        | Found a sparkling altar of Nemelex Xobeh.
   266 | D        | Found an iron altar of Okawaru.
   267 | D        | Found a stormy altar of Qazlal.
   268 | D        | Found a sacrificial altar of Ru.
   269 | D        | Found a shimmering blue altar of Sif Muna.
   270 | D        | Found a bloodstained altar of Trog.
   271 | D        | Found a hide-covered altar of Uskayaw.
   272 | D        | Found a radiant altar of Vehumet.
   273 | D        | Found an ornate altar of the Wu Jian Council.
   274 | D        | Found a shimmering altar of Xom.
   275 | D        | Found a basalt altar of Yredelemnul.
   276 | D        | Found a glowing silver altar of Zin.
   277 | D        | Found a glowing golden altar of the Shining One.
   280 | D        | Became a worshipper of Vehumet
   307 | D        | Got the +2 rapier of the Inferno {venom, Stlth+}
   320 | D        | Noticed a two-headed ogre
   320 | D        | Noticed an orc warrior
   320 | D        | Noticed a centaur
   324 | D        | Killed a centaur
   325 | D        | Reached skill level 7 in Spellcasting
   325 | D        | Reached XP level 4. HP: 24/24 MP: 9/15
   326 | D        | HP: 1/24 [orc warrior (23)]
   476 | D        | Killed an orc warrior
   477 | D        | Reached skill level 9 in Spellcasting
   477 | D        | Reached skill level 10 in Earth Magic
   477 | D        | Reached XP level 5. HP: 28/28 MP: 13/18
   483 | D        | Learned a level 5 spell: Lee's Rapid Deconstruction
   488 | D        | Learned a level 4 spell: Petrify
   515 | D        | Reached * piety under Vehumet
   515 | D        | Offered knowledge of Shock by Vehumet.
   550 | D        | Killed a two-headed ogre
   551 | D        | Reached skill level 1 in Fighting
   551 | D        | Reached skill level 5 in Stealth
   551 | D        | Reached skill level 13 in Spellcasting
   551 | D        | Reached XP level 6. HP: 35/35 MP: 0/24
   551 | D        | Reached XP level 7. HP: 39/39 MP: 0/26
   605 | D        | Reached ** piety under Vehumet
   805 | D        | Noticed a purple ugly thing
   805 | D        | Noticed a tengu warrior
   805 | D        | Noticed a vampire mosquito
   805 | D        | Noticed a death knight
   805 | D        | Noticed a centaur warrior
   811 | D        | Killed a centaur warrior
   811 | D        | Offered knowledge of Foxfire by Vehumet.
   812 | D        | Reached skill level 15 in Spellcasting
   812 | D        | Reached skill level 1 in Evocations
   812 | D        | Reached XP level 8. HP: 20/45 MP: 9/29
   818 | D        | Mangled by a death knight

Illustrated notes

Levels and vault maps discovered:
D:        linesprint [early_d, line_temple, items_1, d_10, items_2, lair_1,
          lair_end, items_3, orc_1, orc_end, items_4, d_15, swamp_1, shoals_1,
          snake_1, spider_1, d_20, vaults_1, items_5, swamp_end, shoals_end,
          snake_end, spider_end, vaults_end, d_27, items_6, zot_1, zot_end,
          crypt_end, forest_end, elf_end, slime_end, tomb_end, abyss_end,
          pan_hell_end]

Skill      XL: |  1  2  3  4  5  6  7 |
---------------+----------------------+-----
Earth Magic    | 5 6 8 10 12 14 | 14.0
Dodging        | 3 4 |  4.4
Stealth        | 3 4 5 |  5.1
Spellcasting   | 4 7 9 13 15 | 15.3
Fighting       | 1 2 |  2.3
Transmutations | 3 |  3.8
Evocations     | 1 |  1.5
Conjurations   | |  0.5

Action                   |  1- 3 |  4- 6 |  7- 9 || total
-------------------------+-------+-------+-------++-------
 Cast: Sandblast         |    18 |     7 |     3 ||    28
       Petrify           |       |     3 |       ||     3
       Lee's Rapid Decon |       |     1 |     4 ||     5
       Stone Arrow       |       |     1 |       ||     1
Evoke: Wand              |       |     2 |       ||     2
  Use: Potion            |       |     1 |     2 ||     3
       Scroll            |       |     1 |       ||     1
Armor: Robe              |     3 |       |     3 ||     6
Dodge: Dodged            |     5 |     1 |     4 ||    10

Table legend: (Time is in decaauts)
 A = Elapsed time spent in this place.
 B = Non-inter-level travel time spent in this place.
 C = Inter-level travel time spent in this place.
 D = Time resting spent in this place.
 E = Time spent auto-exploring this place.
 F = Levels seen in this place.
 G = Mean time per level.
                   A        B        C        D        E       F      G
               +--------+--------+--------+--------+--------+-----+--------+
         Total |    816 |    816 |      0 |    520 |     49 |   1 |  816.0 |
       Dungeon |    816 |    816 |      0 |    520 |     49 |   1 |  816.0 |
               +--------+--------+--------+--------+--------+-----+--------+

Top non-repeatable levels by time:
       D: 816 daAuts
